[Event "FIDE WYCC Girls U18 2023"]
[Site "Montesilvano"]
[Date "2023.11.23"]
[Round "10.29"]
[White "Graziani, Emma"]
[Black "Mohd Azman, Farihah Nur Aisyah"]
[Result "1/2-1/2"]
[ECO "B10"]
[WhiteElo "1783"]
[BlackElo "1379"]
[Annotator "NA RC"]
[PlyCount "121"]
[EventDate "2023.11.13"]
[EventType "swiss"]
[EventCountry "ITA"]
[SourceTitle "playchess.com"]
[Source "ChessBase"]
[SourceQuality "1"]
[TimeControl "40/5400+30:1800+30"]

1. e4 c6 2. d3 d5 3. Qe2 e6 4. g3 Nd7 5. Bg2 dxe4 6. dxe4 Ngf6 7. Nd2 Be7 8. Ngf3 h6 9. O-O O-O 10. b3 b6 11. Bb2 Bb7 12. Rad1 Qc7 13. c4 e5 14. Nh4 Rfe8 15. Nf5 Bf8 16. f4 Rad8 17. fxe5 Nxe5 18. Nxh6+ gxh6 19. Rxf6 Bg7 20. Rf5 Bc8 21. Bxe5 Bxe5 22. Rff1 Bg7 23. Qf3 Re7 24. Rfe1 c5 25. Nf1 Bb7 26. Rxd8+ Qxd8 27. Qg4 Bc8 28. Qf4 Be6 29. Kh1 b5 30. cxb5 Qa5 31. Re2 Qxb5 32. Rd2 Re8 33. g4 c4 34. bxc4 Bxc4 35. Qf2 Qa5 36. Ne3 Be6 37. Nf5 Bxf5 38. gxf5 Rc8 39. Bf3 Rc1+ 40. Kg2 Qc3 41. Re2 a5 42. Kh3 a4 43. Qg3 Rf1 44. Bg2 Qxg3+ 45. hxg3 Rc1 46. e5 Bf8 47. Re4 a3 48. Re2 Rc5 49. g4 Rb5 50. Re3 Be7 51. Bc6 Rc5 52. Ba4 Rc1 53. Bb3 Bc5 54. Rf3 Kg7 55. Kg3 Kf8 56. Kf4 Re1 57. Rh3 Ke7 58. e6 f6 59. Rd3 Bd6+ 60. Kf3 Rg1 61. Ke2 1/2-1/2

[Event "FIDE WYCC Girls U18 2023"]
[Site "Montesilvano"]
[Date "2023.11.23"]
[Round "10.30"]
[White "Saraci, Rinesa"]
[Black "Nielsen-Refs, Ingrid Elmer"]
[Result "1-0"]
[ECO "A45"]
[WhiteElo "1481"]
[BlackElo "1676"]
[Annotator "NA RC"]
[PlyCount "143"]
[EventDate "2023.11.13"]
[EventType "swiss"]
[EventCountry "ITA"]
[SourceTitle "playchess.com"]
[Source "ChessBase"]
[SourceQuality "1"]
[TimeControl "40/5400+30:1800+30"]

1. d4 Nf6 2. Bf4 d5 3. e3 e6 4. c3 Bd6 5. Bg3 c5 6. Nd2 O-O 7. Bd3 Qc7 8. Ngf3 Nbd7 9. Bxd6 Qxd6 10. O-O b6 11. Re1 Bb7 12. e4 dxe4 13. Nxe4 Nxe4 14. Bxe4 Bxe4 15. Rxe4 Nf6 16. Re2 Rfd8 17. Qc2 cxd4 18. Nxd4 Nd5 19. Rd2 Qf4 20. Rad1 Re8 21. Nf3 Rac8 22. Rd4 Qc7 23. Ng5 g6 24. Qe4 Nf6 25. Qf3 Qe5 26. h4 Rc7 27. Rf4 Kg7 28. Rd3 Qe1+ 29. Kh2 h6 30. Re3 Qb1 31. Nxe6+ fxe6 32. Rxf6 Qxa2 33. Re2 Qc4 34. Rf4 Qc6 35. Qe3 Qd6 36. g3 Rce7 37. Rd4 Qc5 38. Qd3 Qf5 39. Qe3 Qc5 40. Qd3 Qf5 41. Rde4 g5 42. Qe3 Kg6 43. Re5 Qf6 44. Qe4+ Kg7 45. Qg4 Kf7 46. hxg5 hxg5 47. Qxg5 Rh8+ 48. Kg2 Qxg5 49. Rxg5 Kf6 50. Rge5 Rd8 51. f4 Rde8 52. Kf3 a6 53. g4 a5 54. f5 exf5 55. Rxf5+ Kg6 56. Rxe7 Rxe7 57. Rd5 Rf7+ 58. Ke4 Rf2 59. Rd6+ Kg5 60. Rxb6 Kxg4 61. Kd4 Rf4+ 62. Kc5 Rf2 63. Kc4 Kf4 64. Rf6+ Ke3 65. Rxf2 Kxf2 66. Kb5 Ke3 67. Kxa5 Ke4 68. b4 Kd5 69. Kb6 Kd6 70. c4 Kd7 71. Kb7 Kd6 72. c5+ 1-0

[Event "FIDE WYCC Girls U18 2023"]
[Site "Montesilvano"]
[Date "2023.11.23"]
[Round "10.31"]
[White "Egger, Stefanie"]
[Black "Latifah, Darmaki"]
[Result "*"]
[WhiteElo "1784"]
[BlackElo "1367"]
[Annotator "NA RC"]
[PlyCount "52"]
[EventDate "2023.11.13"]
[EventType "swiss"]
[EventCountry "ITA"]
[SourceTitle "playchess.com"]
[Source "ChessBase"]
[SourceQuality "1"]
[TimeControl "40/5400+30:1800+30"]

1. d4 d5 2. c4 e6 3. Nc3 c6 4. e4 dxe4 5. Nxe4 Bb4+ 6. Nc3 Nf6 7. Nf3 Bxc3+ 8. bxc3 O-O 9. Be2 Nbd7 10. O-O Qa5 11. a4 Ne4 12. Qc2 Nef6 13. Bf4 c5 14. Rfb1 b6 15. Rb5 Qa6 16. a5 Bb7 17. Qb1 Bc6 18. axb6 Qb7 19. Ne5 Nxe5 20. Bxe5 Bxb5 21. Qxb5 Qxb6 22. dxc5 Qxb5 23. cxb5 Nd7 24. Bd6 Rfd8 25. Bf3 Nxc5 26. Bxc5 Rac8 *

[Event "FIDE WYCC Girls U18 2023"]
[Site "Montesilvano"]
[Date "2023.11.23"]
[Round "10.32"]
[White "Lunar Villaman, Sofia"]
[Black "Ajradinoska, Indzi"]
[Result "0-1"]
[ECO "D02"]
[WhiteElo "1305"]
[BlackElo "1594"]
[Annotator "NA RC"]
[PlyCount "80"]
[EventDate "2023.11.13"]
[EventType "swiss"]
[EventCountry "ITA"]
[SourceTitle "playchess.com"]
[Source "ChessBase"]
[SourceQuality "1"]
[TimeControl "40/5400+30:1800+30"]

1. d4 d5 2. Bf4 Nf6 3. Nf3 e6 4. e3 Bd6 5. Bg3 O-O 6. Nbd2 c5 7. c3 Qc7 8. Bd3 Nbd7 9. O-O Bxg3 10. hxg3 e5 11. dxe5 Nxe5 12. Qc2 Bg4 13. Be2 Rac8 14. Bd1 Rfd8 15. Qa4 Nc6 16. Qf4 Qb6 17. Rb1 Ne7 18. Ne5 Bf5 19. e4 dxe4 20. Bb3 Bg6 21. Rbe1 Ned5 22. Ndc4 Qe6 23. Qc1 b5 24. Nxg6 bxc4 25. Bxc4 hxg6 26. Rd1 Qf5 27. Qc2 Qh5 28. Bxd5 Rxd5 29. Rxd5 Qxd5 30. c4 Qh5 31. Re1 Rd8 32. b3 Qg5 33. Qc1 Qxc1 34. Rxc1 Rd2 35. Ra1 Nd7 36. Kf1 Ne5 37. Ke1 Rb2 38. Rd1 Nd3+ 39. Kf1 Rxf2+ 40. Kg1 Rxa2 0-1

[Event "FIDE WYCC Girls U18 2023"]
[Site "Montesilvano"]
[Date "2023.11.23"]
[Round "10.33"]
[White "Darweeche, Roaa"]
[Black "Chavez Echeverria, Ana Karen"]
[Result "1/2-1/2"]
[ECO "A06"]
[WhiteElo "1406"]
[BlackElo "1230"]
[Annotator "NA RC"]
[PlyCount "64"]
[EventDate "2023.11.13"]
[EventType "swiss"]
[EventCountry "ITA"]
[SourceTitle "playchess.com"]
[Source "ChessBase"]
[SourceQuality "1"]
[TimeControl "40/5400+30:1800+30"]

1. Nf3 d5 2. d4 Bf5 3. Bf4 e6 4. c4 c5 5. e3 Nc6 6. cxd5 exd5 7. Bd3 Bxd3 8. Qxd3 Nf6 9. O-O Bd6 10. Bg5 O-O 11. dxc5 Bxc5 12. a3 Be7 13. Nc3 Ne4 14. Bxe7 Nxe7 15. Nxe4 dxe4 16. Qxe4 Nc6 17. Rfd1 Qf6 18. Qc2 Rac8 19. Rac1 Rc7 20. b4 Re7 21. Nd4 Ne5 22. h3 a6 23. Nf5 Re6 24. Nd4 Re7 25. Nb3 b6 26. Nd4 h6 27. a4 Rfe8 28. b5 a5 29. Nf5 Re6 30. Nd4 R6e7 31. Nf5 Re6 32. Nd4 R6e7 1/2-1/2

[Event "FIDE WYCC Girls U18 2023"]
[Site "Montesilvano"]
[Date "2023.11.23"]
[Round "10.34"]
[White "Changkachith, Alyssa"]
[Black "Ivanovic, Tara"]
[Result "1-0"]
[ECO "C44"]
[WhiteElo "1147"]
[BlackElo "1575"]
[Annotator "NA RC"]
[PlyCount "49"]
[EventDate "2023.11.13"]
[EventType "swiss"]
[EventCountry "ITA"]
[SourceTitle "playchess.com"]
[Source "ChessBase"]
[SourceQuality "1"]
[TimeControl "40/5400+30:1800+30"]

1. e4 e5 2. Nf3 Nc6 3. d4 exd4 4. Bc4 Bc5 5. Ng5 Ne5 6. Nxf7 Nxf7 7. Bxf7+ Kxf7 8. Qh5+ g6 9. Qd5+ Kg7 10. Qxc5 Qe7 11. Qxd4+ Nf6 12. Nc3 Re8 13. O-O Qe5 14. Be3 Kf7 15. Qc4+ Qe6 16. Qxc7 Nxe4 17. Qf4+ Kg8 18. Nb5 Qc6 19. Nxa7 Qa6 20. Rfe1 d5 21. Bd4 Re7 22. f3 Rxa7 23. fxe4 b6 24. Rf1 Rf7 25. Qe5 1-0

[Event "FIDE WYCC Girls U18 2023"]
[Site "Montesilvano"]
[Date "2023.11.23"]
[Round "10.35"]
[White "Stagno, Milena"]
[Black "Gonzalez Romo, Greshya Jocelyn"]
[Result "1/2-1/2"]
[ECO "B22"]
[WhiteElo "1444"]
[BlackElo "1494"]
[Annotator "NA"]
[PlyCount "48"]
[EventDate "2023.11.13"]
[EventType "swiss"]
[EventCountry "ITA"]
[SourceTitle "playchess.com"]
[Source "ChessBase"]
[SourceQuality "1"]
[TimeControl "40/5400+30:1800+30"]

1. e4 c5 2. c3 d5 3. exd5 Qxd5 4. d4 e6 5. Nf3 Nf6 6. Be2 Be7 7. h3 Nc6 8. Be3 cxd4 9. cxd4 Bb4+ 10. Nc3 Qa5 11. Bd2 Qd8 12. a3 Ba5 13. Bg5 h6 14. Be3 Nd5 15. Bd2 O-O 16. Bc4 Nxc3 17. bxc3 Ne7 18. Bd3 Nd5 19. Qc2 Qc7 20. Rc1 Nf4 21. Bf1 Ng6 22. Bd3 Nf4 23. Bf1 Ng6 24. Bd3 Nf4 1/2-1/2

[Event "FIDE WYCC Girls U18 2023"]
[Site "Montesilvano"]
[Date "2023.11.24"]
[Round "11.1"]
[White "Wu, Rochelle"]
[Black "Nguyen Hong Nhung"]
[Result "1-0"]
[ECO "A88"]
[WhiteElo "2228"]
[BlackElo "1975"]
[Annotator "RC"]
[PlyCount "89"]
[EventDate "2023.11.13"]
[EventType "swiss"]
[EventCountry "ITA"]
[SourceTitle "playchess.com"]
[Source "ChessBase"]
[SourceQuality "1"]
[TimeControl "40/5400+30:1800+30"]

1. d4 f5 2. c4 Nf6 3. g3 g6 4. Bg2 Bg7 5. Nf3 O-O 6. Nc3 d6 7. O-O c6 8. d5 e5 9. dxe6 Bxe6 10. b3 Na6 11. Rb1 Qe7 12. Re1 Nc5 13. Ng5 Ng4 14. Qc2 Bd4 15. Nd1 Bf6 16. Nxe6 Nxe6 17. h3 Ne5 18. f4 Nd7 19. Nf2 Qg7 20. Ba3 Ndc5 21. b4 Nd4 22. Qd1 Ne4 23. Bxe4 fxe4 24. Nxe4 Nf5 25. Nxf6+ Qxf6 26. Qd3 Rae8 27. Bb2 Qe6 28. e4 Ng7 29. Kg2 Nh5 30. Qc3 Nf6 31. g4 Re7 32. e5 dxe5 33. Rxe5 Qd6 34. Rxe7 Qxe7 35. Re1 Qd6 36. g5 Qxf4 37. gxf6 Qg5+ 38. Kh1 Qh6 39. Re7 Rd8 40. f7+ Kf8 41. Re1 g5 42. Qh8+ Kxf7 43. Rf1+ Ke7 44. Qf6+ Qxf6 45. Bxf6+ 1-0

[Event "FIDE WYCC Girls U18 2023"]
[Site "Montesilvano"]
[Date "2023.11.24"]
[Round "11.2"]
[White "Balabayeva, Xeniya"]
[Black "Kurmangaliyeva, Liya"]
[Result "1-0"]
[ECO "A45"]
[WhiteElo "2192"]
[BlackElo "2236"]
[Annotator "RC"]
[PlyCount "117"]
[EventDate "2023.11.13"]
[EventType "swiss"]
[EventCountry "ITA"]
[SourceTitle "playchess.com"]
[Source "ChessBase"]
[SourceQuality "1"]
[TimeControl "40/5400+30:1800+30"]

1. d4 Nf6 2. Bf4 c6 3. c3 Qb6 4. Qc2 g6 5. h3 Bg7 6. Nd2 c5 7. e3 d6 8. Ngf3 O-O 9. Be2 cxd4 10. exd4 Bf5 11. Qb3 Qc7 12. O-O Nc6 13. Rfe1 e5 14. dxe5 dxe5 15. Bh2 Rad8 16. Bb5 Nd7 17. Qc4 Be6 18. Qh4 h6 19. Rad1 Bf5 20. Nc4 g5 21. Qg3 f6 22. Nd4 Nxd4 23. cxd4 a6 24. Ne3 Bh7 25. Bxd7 Rxd7 26. dxe5 fxe5 27. Nd5 Qc6 28. Qb3 Kh8 29. Ne3 Rdf7 30. Rd2 e4 31. Ng4 Rf5 32. Bd6 Re8 33. Red1 Bg8 34. Qg3 Qa4 35. Ne3 Rf7 36. b3 Qa5 37. Nc4 Qf5 38. Rd5 Qh7 39. Ne3 Rd7 40. R5d2 Red8 41. Nc4 Qf5 42. Qe3 Qe6 43. Be5 b5 44. Bxg7+ Kxg7 45. Qc3+ Kh7 46. Nd6 Kg6 47. Qc5 Bh7 48. Rd5 e3 49. fxe3 Kh5 50. R5d2 Kg6 51. e4 Kg7 52. e5 Kg8 53. Rf1 Re7 54. Nf5 Rxd2 55. Nxe7+ Kg7 56. Rf6 Qd7 57. Nf5+ Bxf5 58. Qf8+ Kh7 59. Rxh6# 1-0

[Event "FIDE WYCC Girls U18 2023"]
[Site "Montesilvano"]
[Date "2023.11.24"]
[Round "11.3"]
[White "Wikar, Martyna"]
[Black "Mihelic, Vesna"]
[Result "1/2-1/2"]
[ECO "D31"]
[WhiteElo "2228"]
[BlackElo "2102"]
[Annotator "RC"]
[PlyCount "120"]
[EventDate "2023.11.13"]
[EventType "swiss"]
[EventCountry "ITA"]
[SourceTitle "playchess.com"]
[Source "ChessBase"]
[SourceQuality "1"]
[TimeControl "40/5400+30:1800+30"]

1. d4 d5 2. c4 e6 3. Nc3 h6 4. cxd5 exd5 5. Bf4 c6 6. e3 Bf5 7. Bd3 Bxd3 8. Qxd3 Bd6 9. Nge2 Nf6 10. f3 Bxf4 11. Nxf4 Qd6 12. O-O O-O 13. g3 Nbd7 14. Rad1 Rad8 15. Qf5 Nb6 16. Rf2 Rfe8 17. Re2 Qd7 18. Qxd7 Rxd7 19. b3 Rde7 20. Ng2 Nc8 21. Kf2 Nd6 22. g4 a5 23. h4 Nd7 24. Nf4 Nb6 25. a4 Na8 26. Rde1 Nc7 27. e4 dxe4 28. fxe4 Ne6 29. Nxe6 fxe6 30. Ke3 Rf8 31. Rf2 Rxf2 32. Kxf2 Rf7+ 33. Ke3 g5 34. hxg5 hxg5 35. e5 Ne8 36. Ne4 Nc7 37. Nxg5 Nd5+ 38. Kd2 Rg7 39. Nxe6 Rxg4 40. Rf1 Rg2+ 41. Kc1 Re2 42. Rf3 b5 43. Kd1 Ra2 44. Nc5 Rh2 45. Ke1 Rh4 46. Rd3 Nb4 47. Rg3+ Kf7 48. e6+ Kf8 49. Kf2 Rxd4 50. Rf3+ Ke8 51. Rh3 Rf4+ 52. Kg3 Nd5 53. Rh8+ Rf8 54. Rh7 Rg8+ 55. Kh4 Rg6 56. Ra7 bxa4 57. bxa4 Nf4 58. Rxa5 Ng2+ 59. Kh3 Nf4+ 60. Kh2 Nxe6 1/2-1/2

[Event "FIDE WYCC Girls U18 2023"]
[Site "Montesilvano"]
[Date "2023.11.24"]
[Round "11.4"]
[White "Voriskova, Anna"]
[Black "Shohradova, Lala"]
[Result "0-1"]
[ECO "C11"]
[WhiteElo "2065"]
[BlackElo "1846"]
[Annotator "NA RC"]
[PlyCount "88"]
[EventDate "2023.11.13"]
[EventType "swiss"]
[EventCountry "ITA"]
[SourceTitle "playchess.com"]
[Source "ChessBase"]
[SourceQuality "1"]
[TimeControl "40/5400+30:1800+30"]

1. e4 e6 2. Nf3 d5 3. Nc3 dxe4 4. Nxe4 Nf6 5. Nxf6+ Qxf6 6. d4 h6 7. Be3 Bd6 8. Qd2 Nc6 9. Be2 Bd7 10. O-O Ne7 11. c4 c6 12. Ne5 Rd8 13. Rad1 O-O 14. Bf4 Bc8 15. g3 Nf5 16. Qc3 Qe7 17. a3 Bxe5 18. Bxe5 b6 19. Bf3 Bb7 20. Rfe1 c5 21. d5 f6 22. Bf4 e5 23. b4 Nd4 24. Bg2 Qd7 25. Be3 Rc8 26. bxc5 bxc5 27. Qa5 Qd6 28. Rb1 Ba6 29. Qc3 Rb8 30. Qd3 Qd7 31. f4 Qa4 32. Bxd4 exd4 33. Qg6 Rxb1 34. Rxb1 Qe8 35. Qd3 f5 36. Bf3 Qa4 37. Rc1 Re8 38. Kg2 Bc8 39. Rb1 Re3 40. Qf1 Qc2+ 41. Kh3 Rxf3 42. Qxf3 Qxb1 43. d6 Qe4 44. Qb3 Bb7 0-1

[Event "FIDE WYCC Girls U18 2023"]
[Site "Montesilvano"]
[Date "2023.11.24"]
[Round "11.5"]
[White "Obada, Ema"]
[Black "Nguyen, Thien Ngan"]
[Result "1/2-1/2"]
[ECO "C47"]
[WhiteElo "2023"]
[BlackElo "1891"]
[Annotator "NA RC"]
[PlyCount "87"]
[EventDate "2023.11.13"]
[EventType "swiss"]
[EventCountry "ITA"]
[SourceTitle "playchess.com"]
[Source "ChessBase"]
[SourceQuality "1"]
[TimeControl "40/5400+30:1800+30"]

1. e4 e5 2. Nf3 Nc6 3. Nc3 Nf6 4. d4 exd4 5. Nxd4 Bb4 6. Nxc6 bxc6 7. Bd3 d5 8. exd5 cxd5 9. O-O O-O 10. h3 Be6 11. Qf3 Qd7 12. Bf4 Bd6 13. Rad1 Rab8 14. b3 Bxf4 15. Qxf4 c5 16. Ne2 Rb4 17. Qf3 Qc7 18. c3 Rb6 19. Bc2 Rd8 20. Rfe1 a5 21. g4 Rbd6 22. Ng3 g6 23. Qxf6 Bxg4 24. Qxd6 Qxd6 25. hxg4 Qf4 26. Re4 Qg5 27. Ra4 d4 28. cxd4 Qxg4 29. d5 Qg5 30. d6 h5 31. Kf1 h4 32. Ne4 Qf5 33. Rxa5 h3 34. Rxc5 Qf3 35. d7 h2 36. Ng3 Qxg3 37. fxg3 h1=Q+ 38. Kf2 Qh2+ 39. Kf3 Kg7 40. b4 f5 41. Bb3 Qh5+ 42. Kf2 Qh2+ 43. Kf3 Qh5+ 44. Kf2 1/2-1/2

[Event "FIDE WYCC Girls U18 2023"]
[Site "Montesilvano"]
[Date "2023.11.24"]
[Round "11.6"]
[White "Naymanova, Patricie"]
[Black "Abrisqueta Zudaire, Leyre"]
[Result "0-1"]
[ECO "D01"]
[WhiteElo "2083"]
[BlackElo "2137"]
[Annotator "NA"]
[PlyCount "70"]
[EventDate "2023.11.13"]
[EventType "swiss"]
[EventCountry "ITA"]
[SourceTitle "playchess.com"]
[Source "ChessBase"]
[SourceQuality "1"]
[TimeControl "40/5400+30:1800+30"]

1. d4 d5 2. Nc3 Nf6 3. Bg5 Nbd7 4. Qd3 c5 5. dxc5 e6 6. O-O-O Nxc5 7. Qd4 Bd6 8. Nf3 Qe7 9. e4 dxe4 10. Bb5+ Bd7 11. b4 Nd3+ 12. cxd3 exf3 13. Ne4 Rc8+ 14. Kb1 Nxe4 15. Bxe7 Nc3+ 16. Kb2 Nxb5 17. Qxg7 Kxe7 18. Qg5+ Kf8 19. gxf3 Bxb4 20. Qh6+ Ke8 21. Kb3 Bc3 22. d4 Bc6 23. d5 Bxd5+ 24. Rxd5 exd5 25. a4 Nd4+ 26. Ka2 Rc4 27. Ka3 Bb4+ 28. Ka2 Rc2+ 29. Kb1 Bc3 30. Re1+ Kd7 31. Qh3+ f5 32. Re3 Rb2+ 33. Kc1 Rc2+ 34. Kd1 Rd2+ 35. Kc1 Nb3+ 0-1

[Event "FIDE WYCC Girls U18 2023"]
[Site "Montesilvano"]
[Date "2023.11.24"]
[Round "11.7"]
[White "Petricenco, Ana"]
[Black "Starosta, Martyna"]
[Result "1/2-1/2"]
[ECO "B12"]
[WhiteElo "1902"]
[BlackElo "2208"]
[Annotator "RC"]
[PlyCount "64"]
[EventDate "2023.11.13"]
[EventType "swiss"]
[EventCountry "ITA"]
[SourceTitle "playchess.com"]
[Source "ChessBase"]
[SourceQuality "1"]
[TimeControl "40/5400+30:1800+30"]

1. e4 c6 2. d4 d5 3. e5 c5 4. c3 Nc6 5. Be2 Bf5 6. Nf3 e6 7. O-O Nge7 8. Nbd2 cxd4 9. cxd4 Qb6 10. Nb3 a5 11. Nc5 Bg6 12. Na4 Qa7 13. Be3 Nf5 14. Rc1 Be7 15. Bb5 Rc8 16. h3 O-O 17. a3 Rc7 18. Qd2 Rfc8 19. Rc3 b6 20. Rfc1 Nb8 21. Bg5 h6 22. Bxe7 Nxe7 23. Ne1 Qb7 24. Nd3 Rxc3 25. Rxc3 Rxc3 26. Qxc3 Bxd3 27. Qxd3 Qc7 28. Qc3 Qxc3 29. bxc3 Nc8 30. Kf1 Na7 31. Bd3 b5 32. Nc5 Nbc6 1/2-1/2

[Event "FIDE WYCC Girls U18 2023"]
[Site "Montesilvano"]
[Date "2023.11.24"]
[Round "11.8"]
[White "Liu, Kelsey"]
[Black "Tikvesli, Ceylin"]
[Result "1-0"]
[ECO "C77"]
[WhiteElo "2051"]
[BlackElo "1736"]
[Annotator "NA RC"]
[PlyCount "123"]
[EventDate "2023.11.13"]
[EventType "swiss"]
[EventCountry "ITA"]
[SourceTitle "playchess.com"]
[Source "ChessBase"]
[SourceQuality "1"]
[TimeControl "40/5400+30:1800+30"]

1. e4 e5 2. Nf3 Nc6 3. Bb5 a6 4. Ba4 Nf6 5. Qe2 b5 6. Bb3 Be7 7. a4 Rb8 8. axb5 axb5 9. d4 d6 10. d5 Nb4 11. c3 Na6 12. Be3 O-O 13. Bc2 c5 14. h3 Nc7 15. Nbd2 b4 16. c4 Ra8 17. Rxa8 Nxa8 18. O-O Nb6 19. Nh2 g6 20. Bh6 Re8 21. Qe3 Nh5 22. g4 Nf4 23. Bxf4 exf4 24. Qd3 Bf6 25. Rb1 Be5 26. Ndf3 f6 27. Kg2 h6 28. Nh4 g5 29. Nf5 Bxf5 30. gxf5 h5 31. Bd1 h4 32. Bh5 Re7 33. Qe2 Kg7 34. Ra1 Nd7 35. Ra6 Qc8 36. Ra2 Nf8 37. Qd1 Bd4 38. Qb1 Nd7 39. Nf3 Be5 40. Nd2 Kh6 41. Be2 Qb7 42. Nb3 Nb8 43. Qd1 Qc8 44. Bh5 Nd7 45. Na5 Nb8 46. Bg6 Kg7 47. Nb3 Rb7 48. Ra8 Qh8 49. Na5 Rc7 50. Nc6 Rb7 51. Qa4 g4 52. Rxb8 f3+ 53. Kg1 Rxb8 54. Nxb8 gxh3 55. Nc6 h2+ 56. Kh1 Bf4 57. Nd8 Qg8 58. Ne6+ Kh6 59. Nxf4 Kg5 60. Ne6+ Kg4 61. Kxh2 Qh8 62. Qd1 1-0

[Event "FIDE WYCC Girls U18 2023"]
[Site "Montesilvano"]
[Date "2023.11.24"]
[Round "11.9"]
[White "Gasimova, Samra"]
[Black "Margadgua Erdenebayar"]
[Result "1/2-1/2"]
[ECO "D00"]
[WhiteElo "1860"]
[BlackElo "2013"]
[Annotator "NA RC"]
[PlyCount "80"]
[EventDate "2023.11.13"]
[EventType "swiss"]
[EventCountry "ITA"]
[SourceTitle "playchess.com"]
[Source "ChessBase"]
[SourceQuality "1"]
[TimeControl "40/5400+30:1800+30"]

1. d4 d5 2. Nc3 Nf6 3. Bf4 e6 4. Nb5 Na6 5. e3 c6 6. Nc3 Nc7 7. Nf3 Be7 8. Ne5 O-O 9. Bd3 Nce8 10. Qf3 Nd7 11. Qh3 g6 12. Ne2 Nxe5 13. dxe5 c5 14. c3 f6 15. g4 fxe5 16. Bxe5 Bf6 17. Bxf6 Qxf6 18. Qg2 Qh4 19. g5 Nd6 20. Nf4 Bd7 21. Qg3 Qxg3 22. hxg3 Nf7 23. Nh3 Ne5 24. Be2 Bc6 25. f4 d4 26. fxe5 Bxh1 27. exd4 cxd4 28. cxd4 Rfd8 29. Kf2 Bd5 30. Nf4 Rac8 31. Bg4 Kf7 32. Ke3 Rc4 33. Rf1 Ke7 34. Rf2 Rb4 35. Rh2 Rh8 36. b3 Kf7 37. Rf2 Ke7 38. Rh2 Kf7 39. Rf2 Ke7 40. Rh2 Kf7 1/2-1/2

[Event "FIDE WYCC Girls U18 2023"]
[Site "Montesilvano"]
[Date "2023.11.24"]
[Round "11.10"]
[White "Barwinska, Ewa"]
[Black "O'Carroll, Om"]
[Result "1-0"]
[ECO "B52"]
[WhiteElo "1974"]
[BlackElo "1737"]
[Annotator "NA RC"]
[PlyCount "63"]
[EventDate "2023.11.13"]
[EventType "swiss"]
[EventCountry "ITA"]
[SourceTitle "playchess.com"]
[Source "ChessBase"]
[SourceQuality "1"]
[TimeControl "40/5400+30:1800+30"]

1. e4 c5 2. Nf3 d6 3. Bb5+ Bd7 4. Bxd7+ Nxd7 5. O-O Ngf6 6. Qe2 e6 7. c3 Be7 8. d4 O-O 9. Rd1 cxd4 10. cxd4 d5 11. e5 Ne4 12. Ne1 h6 13. f3 Ng5 14. Nc3 Rc8 15. f4 Nh7 16. f5 Bg5 17. Nf3 Bxc1 18. Raxc1 Ng5 19. Rf1 Qb6 20. Rcd1 Rc4 21. Qd2 Nxf3+ 22. Rxf3 Nxe5 23. Rg3 Kh8 24. f6 Ng6 25. Rh3 Rd8 26. fxg7+ Kxg7 27. Qxh6+ Kg8 28. Qh7+ Kf8 29. Rf3 Ne5 30. Qh8+ Ke7 31. Qxe5 Qxb2 32. Rb1 1-0

[Event "FIDE WYCC Girls U18 2023"]
[Site "Montesilvano"]
[Date "2023.11.24"]
[Round "11.11"]
[White "Mungunzul, Bat-Erdene"]
[Black "Sosovickova, Jana"]
[Result "1-0"]
[ECO "E32"]
[WhiteElo "2111"]
[BlackElo "2013"]
[Annotator "NA RC"]
[PlyCount "83"]
[EventDate "2023.11.13"]
[EventType "swiss"]
[EventCountry "ITA"]
[SourceTitle "playchess.com"]
[Source "ChessBase"]
[SourceQuality "1"]
[TimeControl "40/5400+30:1800+30"]

1. d4 Nf6 2. c4 e6 3. Nc3 Bb4 4. Qc2 O-O 5. Bg5 $11 c5 6. dxc5 Na6 7. a3 Bxc3+ 8. Qxc3 Nxc5 9. e3 Nce4 10. Bxf6 Qxf6 11. Qc2 d5 12. Rd1 Rd8 13. Bd3 Bd7 14. Bxe4 dxe4 15. Ne2 e5 16. Ng3 Qc6 17. Qxe4 Qxe4 18. Nxe4 Bc6 19. f3 Bxe4 20. fxe4 Rxd1+ 21. Kxd1 Rc8 22. b3 b5 23. Ke2 bxc4 24. Rc1 Kf8 25. Rxc4 Rb8 26. b4 Rb7 27. a4 Ke7 28. Kd3 Kd7 29. Kc3 Rb6 30. Rc5 f6 31. b5 Rb7 32. a5 Rb8 33. Kc4 Rb7 34. Rc6 Rb8 35. Kc5 Rb7 36. b6 h6 37. Rd6+ Kc8 38. a6 axb6+ 39. Kc6 Ra7 40. Kxb6 Re7 41. a7 Rb7+ 42. Ka6 1-0

[Event "FIDE WYCC Girls U18 2023"]
[Site "Montesilvano"]
[Date "2023.11.24"]
[Round "11.12"]
[White "Wan, Qian"]
[Black "Cornileau, Juliette"]
[Result "1/2-1/2"]
[ECO "D02"]
[WhiteElo "1945"]
[BlackElo "2089"]
[Annotator "NA RC"]
[PlyCount "98"]
[EventDate "2023.11.13"]
[EventType "swiss"]
[EventCountry "ITA"]
[SourceTitle "playchess.com"]
[Source "ChessBase"]
[SourceQuality "1"]
[TimeControl "40/5400+30:1800+30"]

1. d4 d5 2. Nf3 Nf6 3. c4 c6 4. Qc2 dxc4 5. Qxc4 Bf5 6. g3 e6 7. Bg2 Be7 8. O-O O-O 9. e3 Nbd7 10. Nbd2 Ne4 11. Nxe4 Bxe4 12. b3 c5 13. Bb2 Bf6 14. Rac1 Rc8 15. Qe2 b6 16. Rfd1 cxd4 17. exd4 Bd5 18. Ne5 Bxg2 19. Kxg2 Qe7 20. Nc6 Qd6 21. Nxa7 Rxc1 22. Rxc1 h6 23. Nb5 Qd5+ 24. f3 Qa8 25. a4 Rc8 26. Qe4 Qb8 27. Rc6 Be7 28. Qc2 Rd8 29. Rc7 Nf6 30. Qe2 Nd5 31. Rc4 Bg5 32. Bc1 Bf6 33. Kf2 h5 34. Qe4 h4 35. Bf4 Nxf4 36. Qxf4 e5 37. Qe3 hxg3+ 38. hxg3 exd4 39. Nxd4 Re8 40. Qf4 Be5 41. Qg4 Qd6 42. Ne2 Qd2 43. Re4 Bd4+ 44. Kg2 Rxe4 45. Qxe4 Be3 46. Qc4 Qe1 47. Qc8+ Kh7 48. Qh3+ Kg8 49. Qc8+ Kh7 1/2-1/2

[Event "FIDE WYCC Girls U18 2023"]
[Site "Montesilvano"]
[Date "2023.11.24"]
[Round "11.13"]
[White "Hakobyan, Astghik"]
[Black "Blanquet, Camille"]
[Result "1-0"]
[ECO "B10"]
[WhiteElo "2073"]
[BlackElo "1953"]
[Annotator "NA RC"]
[PlyCount "111"]
[EventDate "2023.11.13"]
[EventType "swiss"]
[EventCountry "ITA"]
[SourceTitle "playchess.com"]
[Source "ChessBase"]
[SourceQuality "1"]
[TimeControl "40/5400+30:1800+30"]

1. e4 c6 2. Nf3 d5 3. d3 e6 4. Nbd2 c5 5. g3 Nc6 6. Bg2 Nf6 7. O-O Be7 8. Re1 O-O 9. e5 Nd7 10. Nf1 h6 11. h4 f6 12. exf6 Nxf6 13. Bh3 e5 14. Bxc8 Qxc8 15. Nxe5 Nxe5 16. Rxe5 Bd6 17. Re3 Qh3 18. Nh2 d4 19. Rf3 Rae8 20. Bd2 Rf7 21. c3 Kh7 22. Rc1 Rfe7 23. cxd4 cxd4 24. Qf1 Qe6 25. b3 Qd5 26. Qh3 Re2 27. Rd1 Qc5 28. Qf5+ Qxf5 29. Rxf5 Kg6 30. Rb5 b6 31. h5+ Nxh5 32. Nf3 Bc5 33. b4 a6 34. bxc5 axb5 35. Nxd4 R2e7 36. cxb6 Rb7 37. Ba5 Ra8 38. Nb3 Nf6 39. Rc1 Nd7 40. Rc6+ Kh7 41. d4 Nf6 42. Rc5 Rxa5 43. Nxa5 Rxb6 44. f3 b4 45. Kf2 Rd6 46. Ke3 Nd5+ 47. Kd3 Nc3 48. a3 Na4 49. axb4 Nxc5+ 50. bxc5 Rd8 51. Nb7 Rc8 52. d5 Rc7 53. c6 Kg6 54. d6 Rxc6 55. d7 Rc1 56. Ke4 1-0